 Dungeon Crawl Stone Soup version 0.24.0-125-gc4c63601f3 (webtiles) character file.

Game seed: 14760659987778076497, levelgen mode: deterministic

101 shakethe the Skirmisher (level 4, -1/37 HPs)
             Began as a Demonspawn Berserker on Mar 17, 2020.
             Was a Believer of Trog.
             Slain by a gnoll
             ... wielding a +0 halberd
              (7 damage)
             ... on level 3 of the Dungeon.
             The game lasted 00:04:23 (2387 turns).

shakethe the Skirmisher (Demonspawn Berserker)      Turns: 2387, Time: 00:04:24

Health: -1/37      AC:  8    Str: 17    XL:     4   Next: 48%
Magic:  4/4        EV:  8    Int:  9    God:    Trog [**....]
Gold:   57         SH:  0    Dex: 13    Spells: 3/3 levels left

rFire    . . .     SeeInvis .     - Unarmed
rCold    . . .     Gourm    .   (no shield)
rNeg     . . .     Faith    .   e - +0 chain mail
rPois    .         Spirit   .   (helmet restricted)
rElec    .         Reflect  .   (no cloak)
rCorr    .         Harm     .   (no gloves)
MR       .....                  (no boots)
Stlth    ..........             (no amulet)
HPRegen  0.12/turn              (no ring)
MPRegen  0.09/turn              (no ring)

@: no status effects
A: antennae 1, claws 1, demonic guardian 1
a: Berserk, Trog's Hand, Renounce Religion


You were on level 3 of the Dungeon.
You worshipped Trog.
Trog was pleased with you.
You were very hungry.

You visited 1 branch of the dungeon, and saw 3 of its levels.

You collected 57 gold pieces.

Inventory:

Hand Weapons
 a - a +0 falchion
Missiles
 d - 3 boomerangs of dispersal (quivered)
Armour
 e - a +0 chain mail (worn)
Wands
 i - a wand of paralysis (7)
Scrolls
 f - 2 scrolls of identify {unknown}
 g - a scroll of blinking {unknown}
 h - a scroll of fear {unknown}
Potions
 b - 2 potions of degeneration {unknown}
Comestibles
 c - 4 rations


   Skills:
 + Level 3.7 Fighting
 - Level 2.8 Long Blades
 + Level 2.5 Armour
 + Level 2.6 Dodging
 + Level 1.3 Unarmed Combat
 + Level 0.2 Evocations


You had 3 spell levels left.
You didn't know any spells.
Your spell library was empty.

Dungeon Overview and Level Annotations

Branches:
Dungeon (3/15)

Altars:


Innate Abilities, Weirdness & Mutations

You have a pair of small antennae on your head.
You have sharp fingernails.
A weak demonic guardian rushes to your aid.


Message History

The gnoll is almost dead.
The gnoll barely misses you.
You scratch the gnoll.
You kill the gnoll!
Trog accepts your kill. The gnoll barely misses you.
The gnoll hits you with a +0 halberd!
Things that are here:
a +0 whip; an uncursed amulet of the acrobat; a gnoll corpse The gnoll hits you from afar with a +0 halberd!
* * * LOW HITPOINT WARNING * * *
Your white imp gestures at the gnoll.
The puff of frost hits the adder!
There is a stone staircase leading up here.
You see here a stone.
The adder bites your white imp but does no damage.
Your white imp closely misses the adder.
The adder bites your white imp.
The gnoll hits you from afar with a +0 halberd!
You die...

#........#.....
###...####.#.....
.....####.......
...........(....
###....#####.####.
#...(...........#.
#.#.#########.#.#.
#.#(##......#...#. ###
#@5.(.)...#.##..#. ....
#S####.##.#.##..#.
....##+#g......#.#.###.#.
.........#######.#.###.#.
.................#.......
........###############..
.........)...............
........##############..>
........# #...


You could see a gnoll, an adder and a friendly white imp.

Vanquished Creatures
  2 gnolls
  An adder (D:3)
  An ooze (D:2)
  2 worms
  A dart slug (D:2)
  2 leopard geckos (D:3)
  An orc (D:3)
  2 ball pythons (D:1)
  5 giant cockroaches
  8 goblins
  8 hobgoblins
  2 jackals (D:2)
  4 kobolds
  2 quokkas
  3 bats
  4 frilled lizards
  11 rats
59 creatures vanquished.

Notes
Turn   | Place    | Note
-------+----------+-------------------------------------------
     0 | D:1      | shakethe the Demonspawn Berserker began the quest for the
                  | Orb.
     0 | D:1      | Reached XP level 1. HP: 18/18 MP: 1/1
     6 | D:1      | Noticed a seven-headed hydra
     6 | D:1      | Noticed a salamander
     6 | D:1      | Noticed a killer bee
     6 | D:1      | Noticed a wolf
     6 | D:1      | Noticed a lindwurm
   253 | D:1      | Gained mutation: You have sharp fingernails. [demonic
                  | ancestry]
   253 | D:1      | Reached XP level 2. HP: 24/24 MP: 2/2
   453 | D:1      | Reached ** piety under Trog
   886 | D:2      | Gained mutation: You have a pair of small antennae on your
                  | head. [demonic ancestry]
   886 | D:2      | Reached XP level 3. HP: 21/29 MP: 3/3
  1542 | D:2      | Reached skill level 1 in Unarmed Combat
  1912 | D:3      | Gained mutation: A weak demonic guardian rushes to your
                  | aid. [demonic ancestry]
  1912 | D:3      | Reached XP level 4. HP: 35/35 MP: 4/4
  2387 | D:3      | Slain by a gnoll

Levels and vault maps discovered:
D:1:      onia_arrival_zoo_common, layout_loops_ring, serial_forest,
          infiniplex_forest_lined_room_, infiniplex_forest_end_3,
          infiniplex_forest_clump_tiny, infiniplex_forest_fountain,
          infiniplex_forest_join, infiniplex_forest_lined_3,
          infiniplex_forest_clump_tiny, infiniplex_forest_zigzag_2
D:2:      layout_rooms
D:3:      layout_basic

Skill      XL: |  1  2  3 |
---------------+----------+-----
Armour         | 2 |  2.5
Dodging        | 2 |  2.6
Unarmed Combat | 1 |  1.3
Fighting       | |  3.7
Long Blades    | |  2.8
Evocations     | |  0.2

Action                   |  1- 3 |  4- 6 || total
-------------------------+-------+-------++-------
Melee: Falchion          |    27 |       ||    27
       Unarmed           |   196 |    38 ||   234
  Eat: Chunk             |     3 |     1 ||     4
Armor: Chain mail        |   167 |    10 ||   177
Dodge: Dodged            |   107 |    29 ||   136
       Rpst.: Falchion   |     6 |       ||     6
